cohdb
Replays
Latest Replays
All Replays
Popular Replays
Top Player Replays
Match Explorer
How It Works
Community
CoH3 Stats
Reddit
Sign in to upload your games and track your stats! →
Sign in with Steam
Match 41024564
Unlisted
Match 41024564
Overview
Messages
Build Orders
End
Construct Section Command Post
Selects Canadian Shock Battlegroup
Infantry Section
Infantry Section
Dingo Light Scout Car
Grenade Package
Infantry Section
Construct Platoon Command Post
Selects Attacking Spirit
Selects Canadian Shock Section
Canadian Shock Section
Infantry Training
6-pounder Anti-tank Gun Team
Selects Incendiary Munitions
Unlock Bishop Self-propelled Artillery
Bishop Self-propelled Artillery
Vickers Machine Gun Team
Selects Pyrotechnics
Construct Company Command Post
Foot Guards Section
Selects Demolition Engineering
Matilda II Heavy Tank
Selects Smoke Operation
Tango
Turtleboy
GoonLord
Casual Crusader
Hakapik
Soud
0
0
Comments
sign in to comment!
No comments posted yet!